[Event "ICC tourney 1954 (60 10)"]
[Site "Internet Chess Club"]
[Date "2020.08.07"]
[Round "3"]
[White "jerryjhzhang"]
[Black "lemonbar"]
[Result "0-1"]
[ICCResult "White checkmated"]
[WhiteElo "821"]
[BlackElo "1075"]
[Opening "Ruy Lopez: four knights (Tarrasch) variation"]
[ECO "C77"]
[NIC "RL.12"]
[Time "18:36:14"]
[TimeControl "3600+10"]

1. e4 e5 2. Nf3 Nc6 3. Bb5 a6 4. Ba4 Nf6 5. Nc3 Be7 6. O-O b5 7. Bb3 d6 8.
Re1 O-O 9. d4 Bg4 10. Be3 Bxf3 11. Qxf3 exd4 12. Bxd4 Nxd4 13. Qd3 Nxb3 14.
cxb3 c6 15. Qh3 b4 16. Ne2 c5 17. Rad1 Nxe4 18. Ng3 Nxg3 19. hxg3 Bf6 20.
Kh2 Bxb2 21. Rh1 h6 22. g4 Be5+ 23. Kg1 Qg5 24. g3 Qg6 25. f4 Bd4+ 26. Kg2
Qc2+ 27. Kf3 Qf2+ 28. Ke4 Qe3+ 29. Kd5 Qe6+ 30. Kc6 Rfc8+ 31. Kb6 c4+ 32.
Ka5 Qd5+ 33. Ka4 Qb5# {White checkmated} 0-1

[Event "ICC tourney 1954 (60 10)"]
[Site "Internet Chess Club"]
[Date "2020.08.07"]
[Round "3"]
[White "Cougar2020"]
[Black "joeandjoe28"]
[Result "0-1"]
[ICCResult "White checkmated"]
[WhiteElo "1146"]
[BlackElo "1396"]
[Opening "Giuoco Piano"]
[ECO "C54"]
[NIC "IG.02"]
[Time "18:36:36"]
[TimeControl "3600+10"]

1. e4 e5 2. Nf3 Nc6 3. Bc4 Bc5 4. c3 Nf6 5. d3 a6 6. b4 Ba7 7. a4 d6 8. h3
O-O 9. O-O Ne7 10. Re1 Ng6 11. Be3 Bxe3 12. Rxe3 Nf4 13. Qb3 Bd7 14. Ng5 d5
15. exd5 N6xd5 16. Bxd5 Qxg5 17. Kh2 Nxd5 18. Qxd5 Bc6 19. Rg3 Qxg3+ 20.
fxg3 Bxd5 21. Nd2 Rad8 22. Re1 f6 23. Re3 Bc6 24. a5 Bb5 25. c4 Ba4 26. Nf3
Bc2 27. Ne1 Bb1 28. Kg1 Rd7 29. Kf1 b6 30. Ke2 bxa5 31. bxa5 Rb8 32. Kd2 Rb3
33. Ke2 Ra3 34. Kd2 Kf7 35. Ke2 Rxa5 36. Kd2 Ra3 37. Ke2 a5 38. Kd2 a4 39.
Ke2 Rb3 40. Kd2 a3 41. Ke2 a2 42. Kd2 a1=Q 43. Ke2 Bxd3+ 44. Nxd3 Rbxd3 45.
Rxd3 Qb2+ 46. Ke1 Rxd3 47. Kf1 Rd1# {White checkmated} 0-1

[Event "ICC tourney 1954 (60 10)"]
[Site "Internet Chess Club"]
[Date "2020.08.07"]
[Round "3"]
[White "Kfprasanna"]
[Black "FischerInThe90s"]
[Result "0-1"]
[ICCResult "White checkmated"]
[WhiteElo "1335"]
[BlackElo "1250"]
[Opening "Four knights: Italian variation"]
[ECO "C47"]
[NIC "RG.01"]
[Time "18:36:50"]
[TimeControl "3600+10"]

1. e4 e5 2. Nf3 Nf6 3. Nc3 Nc6 4. Bc4 Nxe4 5. Nxe4 d5 6. Nc3 dxc4 7. Qe2 Be6
8. Nxe5 Nd4 9. Qd1 Qg5 10. Nf3 Qxg2 11. Nxd4 Qxh1+ 12. Ke2 Bg4+ 13. f3 Qxh2+
14. Ke1 Qg1+ 15. Ke2 Qxd4 16. fxg4 Qxg4+ 17. Ke1 Qxd1+ 18. Kxd1 O-O-O 19. b3
Bb4 20. Bb2 Bxc3 21. Bxc3 Rhg8 22. bxc4 g5 23. Ke2 g4 24. Kf2 g3+ 25. Kf3 g2
26. Rg1 h5 27. Rxg2 Rxg2 28. Kxg2 Rd6 29. Kh3 Rc6 30. d3 b5 31. Bd4 bxc4 32.
dxc4 Rxc4 33. c3 c5 34. Be5 Kb7 35. a3 Ka6 36. Bd6 Ka5 37. a4 Kxa4 38. Be5
Kb3 39. Kg3 a5 40. Kf3 a4 41. Ke3 a3 42. Kd2 a2 43. Ke3 a1=Q 44. Kf3 Qf1+
45. Kg3 Rg4+ 46. Kh2 Qg2# {White checkmated} 0-1

[Event "ICC tourney 1954 (60 10)"]
[Site "Internet Chess Club"]
[Date "2020.08.07"]
[Round "3"]
[White "Anishkor"]
[Black "pillaivar"]
[Result "0-1"]
[ICCResult "White resigns"]
[WhiteElo "1274"]
[BlackElo "1263"]
[Opening "French: exchange variation"]
[ECO "C01"]
[NIC "FR.01"]
[Time "18:36:25"]
[TimeControl "3600+10"]

1. e4 e6 2. d4 d5 3. exd5 exd5 4. c4 Nf6 5. Nc3 Be6 6. Bg5 Bb4 7. Qa4+ Nc6
8. Ne2 O-O 9. a3 Be7 10. Nf4 Bd7 11. Qd1 h6 12. Bxf6 Bxf6 13. Nfxd5 Re8+ 14.
Be2 Nxd4 15. Nxf6+ Qxf6 16. O-O Nxe2+ 17. Nxe2 Bg4 18. f3 Rad8 19. Qc2 Bf5
20. Qa4 Rxe2 21. Rfd1 Qxb2 {White resigns} 0-1

[Event "ICC tourney 1954 (60 10)"]
[Site "Internet Chess Club"]
[Date "2020.08.07"]
[Round "3"]
[White "iamlifamily"]
[Black "chesspanda0610"]
[Result "1-0"]
[ICCResult "Black checkmated"]
[WhiteElo "1397"]
[BlackElo "606"]
[Opening "Giuoco Piano"]
[ECO "C50"]
[NIC "IG.02"]
[Time "18:36:36"]
[TimeControl "3600+10"]

1. e4 e5 2. Nf3 Nc6 3. Bc4 Bc5 4. O-O Nf6 5. d3 h6 6. Be3 Bb6 7. c3 O-O 8.
Nbd2 d6 9. h3 Be6 10. a4 a5 11. Bxb6 cxb6 12. Qb3 Re8 13. Nh2 Qc7 14. f4
exf4 15. Bxe6 Rxe6 16. Rxf4 Ne5 17. d4 Ng6 18. Rf2 Nxe4 19. Nxe4 Rxe4 20.
Raf1 Rf8 21. Ng4 Qc6 22. Rxf7 d5 23. Rxf8+ Nxf8 24. Ne5 Qe6 25. Qa3 Qc8 26.
Qd6 Qe8 27. Qxd5+ Kh8 28. Rxf8+ Qxf8 29. Ng6+ Kh7 30. Nxf8+ Kh8 31. Qxe4 Kg8
32. Nd7 Kh8 33. Qg6 Kg8 34. Nf6+ Kf8 35. Qe8# {Black checkmated} 1-0

[Event "ICC tourney 1954 (60 10)"]
[Site "Internet Chess Club"]
[Date "2020.08.07"]
[Round "3"]
[White "Rhinoguy"]
[Black "MBashur"]
[Result "0-1"]
[ICCResult "White checkmated"]
[WhiteElo "1167"]
[BlackElo "980"]
[Opening "Sicilian: Alapin's variation (2.c3)"]
[ECO "B22"]
[NIC "SI.46"]
[Time "18:36:24"]
[TimeControl "3600+10"]

1. e4 c5 2. c3 Nc6 3. d4 cxd4 4. cxd4 e6 5. Nc3 d5 6. e5 Nge7 7. Nf3 Nf5 8.
Bf4 Qa5 9. Bb5 Bb4 10. Bxc6+ bxc6 11. Rc1 Ba6 12. a3 Bxc3+ 13. Rxc3 h6 14.
b4 Qb6 15. Qa4 Bb5 16. Qc2 O-O 17. a4 Bc4 18. Qb2 a5 19. Nd2 Qxd4 20. Nxc4
dxc4 21. Be3 Nxe3 22. fxe3 Qxe5 23. O-O Rfb8 24. Qf2 Qxc3 25. Qxf7+ Kh8 26.
bxa5 Qxe3+ 27. Kh1 Qe2 28. Kg1 c3 29. Qd7 Rf8 30. Rxf8+ Rxf8 31. h3 Rf1+ 32.
Kh2 Qe5+ 33. g3 Qe2# {White checkmated} 0-1

[Event "ICC tourney 1954 (60 10)"]
[Site "Internet Chess Club"]
[Date "2020.08.07"]
[Round "3"]
[White "NNatha"]
[Black "FatGuyIsRoux"]
[Result "1-0"]
[ICCResult "Black checkmated"]
[WhiteElo "1258"]
[BlackElo "125"]
[Opening "Ruy Lopez: Caro variation"]
[ECO "C70"]
[NIC "RL.09"]
[Time "18:46:38"]
[TimeControl "3600+10"]

1. e4 e5 2. Nf3 Nc6 3. Bb5 a6 4. Ba4 b5 5. Bb3 Nf6 6. O-O Bc5 7. c3 Bb6 8.
h3 O-O 9. Re1 Re8 10. Bc2 d5 11. d3 Be6 12. Nbd2 Qd7 13. Nf1 Bxh3 14. gxh3
Qxh3 15. Qd2 Ng4 16. d4 Qxf3 17. Bd1 Qh3 18. Qg5 h5 19. Bxg4 hxg4 20. Re3
Qh6 21. Qxg4 Re6 22. Rg3 Qg6 23. exd5 Qxg4 24. Rxg4 Rg6 25. Rxg6 fxg6 26.
dxc6 exd4 27. cxd4 Bxd4 28. Rb1 Rf8 29. Be3 Bxe3 30. Nxe3 Rf4 31. Nd5 Rf7
32. Re1 Kf8 33. Re6 g5 34. Rg6 a5 35. Rxg5 b4 36. Ne3 a4 37. Ra5 Rf6 38.
Rxa4 Rxc6 39. Rxb4 Rc1+ 40. Kg2 g5 41. Rb5 Ra1 42. a3 Rb1 43. Rxg5 Rxb2 44.
Rc5 Rb3 45. Nc4 Rb7 46. a4 Ra7 47. a5 Ke7 48. Kf3 Kd7 49. Ke4 c6 50. Ne5+
Ke7 51. Nxc6+ Kf7 52. Nxa7 Ke7 53. Nc6+ Kd7 54. a6 Kc7 55. a7 Kb7 56. Rb5+
Kc7 57. a8=Q Kd6 58. Rd5+ Ke6 59. Qe8+ Kf6 60. Rf5+ Kg7 61. Qe6 Kh8 62. Rf7
Kg8 63. Ne7+ Kh8 64. Rf8+ Kg7 65. Rg8+ Kh7 66. Qg6# {Black checkmated} 1-0

[Event "ICC tourney 1954 (60 10)"]
[Site "Internet Chess Club"]
[Date "2020.08.07"]
[Round "3"]
[White "Hedwig210"]
[Black "adma2028"]
[Result "0-1"]
[ICCResult "White checkmated"]
[WhiteElo "970"]
[BlackElo "1319"]
[Opening "Queen's gambit declined"]
[ECO "D30"]
[NIC "QP.08"]
[Time "18:36:11"]
[TimeControl "3600+10"]

1. d4 d5 2. c4 e6 3. Bf4 Nf6 4. e3 c6 5. Nf3 Bd6 6. Bg5 h6 7. Bh4 Be7 8. Nc3
Ne4 9. Bxe7 Qxe7 10. Qb3 Nxc3 11. Qxc3 Nd7 12. cxd5 exd5 13. Bd3 Nf6 14. O-O
Bg4 15. Be2 Ne4 16. Qc2 Bxf3 17. Bxf3 Ng5 18. Be2 Rd8 19. Qa4 a6 20. Qb3 Rd6
21. Rac1 O-O 22. Rfe1 Rg6 23. Bd3 Nf3+ 24. Kh1 Nxe1 25. Bxg6 fxg6 26. Rxe1
Rxf2 27. Qc3 Qe4 28. Rg1 Re2 29. Qc1 Rxe3 30. Qf1 Qxd4 31. Qf2 Re4 32. Qxd4
Rxd4 33. b3 Rd2 34. a3 Rb2 35. b4 Ra2 36. Re1 Rxa3 37. h3 Rb3 38. Kh2 Rxb4
39. Re8+ Kh7 40. Re3 d4 41. Rd3 a5 42. Ra3 a4 43. Ra2 d3 44. Rd2 Rd4 45. Kg3
a3 46. Kf3 a2 47. Rxa2 d2 48. Ra1 d1=Q+ 49. Rxd1 Rxd1 50. Ke2 Rd5 51. Kf3 b5
52. Kf2 b4 53. Kf3 b3 54. Ke2 b2 55. Ke3 b1=Q 56. Kf4 Qf5+ 57. Kg3 Rd3+ 58.
Kh2 Qf4+ 59. Kh1 Rd1# {White checkmated} 0-1

[Event "ICC tourney 1954 (60 10)"]
[Site "Internet Chess Club"]
[Date "2020.08.07"]
[Round "3"]
[White "seaglass-chess"]
[Black "Yadhunandan"]
[Result "1-0"]
[ICCResult "Black checkmated"]
[WhiteElo "1351"]
[BlackElo "872"]
[Opening "English opening"]
[ECO "A10"]
[NIC "EO.64"]
[Time "18:36:36"]
[TimeControl "3600+10"]

1. c4 d5 2. cxd5 Qxd5 3. Nc3 Qd8 4. g3 e5 5. Bg2 Nc6 6. e4 b6 7. Nf3 f6 8.
d3 Bb7 9. Be3 Qd7 10. Qc2 O-O-O 11. Rd1 Nb4 12. Qb3 Nxd3+ 13. Ke2 Ba6 14.
Nh4 Qe7 15. Nd5 Qe8 16. Rxd3 c6 17. Rc1 Kb7 18. Bxb6 axb6 19. Qxb6+ Kc8 20.
Qc7# {Black checkmated} 1-0

[Event "ICC tourney 1954 (60 10)"]
[Site "Internet Chess Club"]
[Date "2020.08.07"]
[Round "3"]
[White "sakethdesu"]
[Black "kd9junior"]
[Result "0-1"]
[ICCResult "White checkmated"]
[WhiteElo "866"]
[BlackElo "1283"]
[Opening "Sicilian"]
[ECO "B72"]
[NIC "SI.16"]
[Time "18:36:36"]
[TimeControl "3600+10"]

1. e4 c5 2. Nf3 d6 3. Nc3 g6 4. d4 cxd4 5. Nxd4 Bg7 6. Be3 Nf6 7. Bc4 Nc6 8.
Nxc6 bxc6 9. e5 Ng4 10. exd6 Nxe3 11. fxe3 exd6 12. O-O O-O 13. Rb1 d5 14.
Bb3 Qg5 15. e4 d4 16. Ne2 Qe3+ 17. Kh1 Qxe4 18. Rf4 Qe5 19. Rxd4 Re8 20. Rf4
Qxe2 21. Rxf7 Qxd1+ 22. Rxd1 Be6 23. Bxe6 Rxe6 24. Rdf1 Rf8 25. Rxf8+ Bxf8
26. b3 Bd6 27. g3 Kg7 28. Kg2 Re2+ 29. Rf2 Rxf2+ 30. Kxf2 Kf6 31. Kf3 Kg5
32. h3 Kf6 33. g4 Ke5 34. Kg3 Kd4+ 35. Kh4 h6 36. g5 h5 37. a4 Kc3 38. b4
Kxb4 39. a5 Kxa5 40. c3 Be7 41. Kg3 Ka4 42. Kf3 Kb3 43. Ke4 a5 44. Ke5 a4
45. h4 a3 46. Ke6 Bc5 47. Kf7 a2 48. Kxg6 Kxc3 49. Kxh5 a1=Q 50. g6 Qd1+ 51.
Kh6 Be3+ 52. Kh7 Qd7+ 53. g7 Bd4 54. h5 Qxg7# {White checkmated} 0-1

[Event "ICC tourney 1954 (60 10)"]
[Site "Internet Chess Club"]
[Date "2020.08.07"]
[Round "3"]
[White "karmapillai"]
[Black "alphablitz"]
[Result "1-0"]
[ICCResult "Black checkmated"]
[WhiteElo "1086"]
[BlackElo "720"]
[Opening "Ruy Lopez: old Steinitz defense"]
[ECO "C62"]
[NIC "RL.02"]
[Time "18:35:44"]
[TimeControl "3600+10"]

1. e4 e5 2. Nf3 Nc6 3. Bb5 d6 4. Nc3 Bd7 5. d3 Nf6 6. Bg5 Be7 7. O-O O-O 8.
Re1 a6 9. Bc4 Bg4 10. h3 Bxf3 11. Qxf3 Nd4 12. Qd1 b5 13. Bb3 Nxb3 14. axb3
b4 15. Ne2 c5 16. Ng3 h6 17. Be3 a5 18. c3 Qc8 19. Qc2 Qd8 20. Nf5 Kh7 21.
Ra2 Ra7 22. Rea1 Re8 23. cxb4 Ra8 24. bxa5 d5 25. Nxe7 Qxe7 26. exd5 Nxd5
27. Qxc5 Nxe3 28. Qxe3 Qb4 29. Qe4+ Qxe4 30. dxe4 Reb8 31. Ra3 Kg6 32. Rc1
Rb4 33. Rc5 Rxe4 34. Kf1 f5 35. f3 Rd4 36. Rxe5 Rd1+ 37. Ke2 Kf6 38. Rxf5+
Kxf5 39. Kxd1 Kf4 40. Ke2 Kg3 41. Kf1 g5 42. a6 h5 43. b4 Rc8 44. a7 Rc1+
45. Ke2 Rc2+ 46. Kd3 Rxb2 47. a8=Q Rxb4 48. Qd5 Rb1 49. Qxg5+ Kf2 50. Qxh5
Kxg2 51. Qg4+ Kf2 52. Ra2+ Ke1 53. Qg3+ Kd1 54. Qg1# {Black checkmated} 1-0

[Event "ICC tourney 1954 (60 10)"]
[Site "Internet Chess Club"]
[Date "2020.08.07"]
[Round "3"]
[White "arjunbupeshnath"]
[Black "sstao17"]
[Result "1-0"]
[ICCResult "Black checkmated"]
[WhiteElo "917"]
[BlackElo "618"]
[Opening "King's pawn game"]
[ECO "C50"]
[NIC "IG.03"]
[Time "18:36:21"]
[TimeControl "3600+10"]

1. e4 e5 2. Nf3 Nc6 3. Bc4 h6 4. d4 exd4 5. Nxd4 Nxd4 6. Qxd4 d6 7. Be3 Nf6
8. h3 Be7 9. Nc3 O-O 10. O-O Be6 11. Bb3 Bxb3 12. axb3 c5 13. Qd1 b6 14. Qf3
Rb8 15. Rxa7 Re8 16. Rd1 Qc8 17. Nd5 Nxd5 18. Rxd5 Rb7 19. Ra1 Qb8 20. Qg3
g5 21. f4 f6 22. fxg5 hxg5 23. h4 Kf7 24. hxg5 fxg5 25. Rf5+ Ke6 26. Qg4 Kd7
27. Rf8+ Kc6 28. Rff1 Rh8 29. Qf5 Kb5 30. Qd5 Ra7 31. c4+ Kb4 32. Qd2+ Kxb3
33. Qc3# {Black checkmated} 1-0

[Event "ICC tourney 1954 (60 10)"]
[Site "Internet Chess Club"]
[Date "2020.08.07"]
[Round "3"]
[White "minecraftchess"]
[Black "johnique"]
[Result "0-1"]
[ICCResult "White checkmated"]
[WhiteElo "923"]
[BlackElo "1367"]
[Opening "Petrov: French attack"]
[ECO "C42"]
[NIC "RG.03"]
[Time "18:36:36"]
[TimeControl "3600+10"]

1. e4 e5 2. Nf3 Nf6 3. Nxe5 d6 4. Nf3 Nxe4 5. d3 Nf6 6. Be2 Be7 7. O-O O-O
8. h3 d5 9. d4 Bf5 10. Nc3 Ne4 11. Nxe4 dxe4 12. Ne5 c6 13. Re1 Bf6 14. Be3
Qc7 15. Nc4 Nd7 16. f3 exf3 17. Bxf3 Rfe8 18. Bd2 Bxd4+ 19. Kf1 Bf6 20. Bb4
Rxe1+ 21. Qxe1 Bxc2 22. Rc1 Bd3+ 23. Kg1 Bxc4 24. Rxc4 Ne5 25. Re4 Re8 26.
Bc3 Nxf3+ 27. gxf3 Rxe4 28. Qxe4 Qg3+ 29. Kf1 Qxh3+ 30. Ke2 Qe6 31. Qxe6
fxe6 32. Bxf6 gxf6 33. Ke3 Kf7 34. b4 e5 35. a4 Ke6 36. Ke4 f5+ 37. Ke3 Kd5
38. Kd3 e4+ 39. Ke3 exf3 40. Kxf3 Ke5 41. Ke3 f4+ 42. Ke2 Ke4 43. Kf2 h6 44.
a5 a6 45. Kg2 Ke3 46. Kg1 Kf3 47. Kf1 h5 48. Ke1 Kg2 49. Ke2 f3+ 50. Kd3 f2
51. Kd4 f1=Q 52. Kc5 Qb5+ 53. Kd6 Qxb4+ 54. Kc7 h4 55. Kb8 h3 56. Ka7 h2 57.
Kb8 h1=Q 58. Kc7 Qh7+ 59. Kb8 Qxa5 60. Ka7 Qc5+ 61. Kb8 b5 62. Kc8 Qf8#
{White checkmated}
0-1

[Event "ICC tourney 1954 (60 10)"]
[Site "Internet Chess Club"]
[Date "2020.08.07"]
[Round "3"]
[White "jhong2"]
[Black "traycon"]
[Result "1-0"]
[ICCResult "Black checkmated"]
[WhiteElo "1246"]
[BlackElo "902"]
[Opening "Réti v Dutch"]
[ECO "A87"]
[NIC "HD.06"]
[Time "18:36:22"]
[TimeControl "3600+10"]

1. Nf3 f5 2. d4 Nf6 3. g3 g6 4. Bg2 Bg7 5. O-O O-O 6. c4 d6 7. Nc3 Qe8 8.
Bf4 Nc6 9. d5 Nd8 10. Re1 Nf7 11. e4 fxe4 12. Ng5 Nxg5 13. Bxg5 e5 14. dxe6
Bxe6 15. Nxe4 Qc8 16. Nxf6+ Bxf6 17. Rxe6 Bxg5 18. Bd5 Kg7 19. h4 c6 20.
hxg5 cxd5 21. Qd4+ Kg8 22. Qxd5 Qd7 23. Re7+ Kh8 24. Qd4+ Rf6 25. Qxf6+ Kg8
26. Qg7# {Black checkmated} 1-0

[Event "ICC tourney 1954 (60 10)"]
[Site "Internet Chess Club"]
[Date "2020.08.07"]
[Round "3"]
[White "Diyor"]
[Black "SonicTrist"]
[Result "0-1"]
[ICCResult "White resigns"]
[WhiteElo "1071"]
[BlackElo "1391"]
[Opening "Pirc: classical (two knights) system"]
[ECO "B08"]
[NIC "PU.10"]
[Time "18:35:44"]
[TimeControl "3600+10"]

1. e4 d6 2. d4 Nf6 3. Nc3 g6 4. Nf3 Bg7 5. Bc4 O-O 6. O-O Nxe4 7. Be3 Nxc3
8. bxc3 d5 9. Bb3 c6 10. h3 Bf5 11. Qd2 Na6 12. Bh6 Be4 13. Bxg7 Kxg7 14.
Ng5 Bf5 15. c4 Nc7 16. cxd5 cxd5 17. Rfe1 Ne6 18. Nxe6+ Bxe6 19. Qf4 Rc8 20.
Qe5+ Kg8 21. Re3 Rc6 22. Rg3 Qd6 23. Qh5 Qxg3 24. Qe2 Qd6 25. Rc1 Qf4 26.
Qe3 Qxe3 27. fxe3 Rc3 28. Re1 Bf5 29. Bxd5 Rxc2 30. Bxb7 Rxa2 31. e4 Bc8 32.
Bd5 Rd2 33. Bb3 Rxd4 34. Bc2 e5 35. Rd1 Rxd1+ 36. Bxd1 Bb7 37. Bf3 Rd8 38.
Kf2 a5 39. Ke3 a4 40. Be2 Rd4 41. Bd3 a3 42. Bb1 {White resigns} 0-1

[Event "ICC tourney 1954 (60 10)"]
[Site "Internet Chess Club"]
[Date "2020.08.07"]
[Round "3"]
[White "vaav"]
[Black "shravanr"]
[Result "0-1"]
[ICCResult "White checkmated"]
[WhiteElo "1155"]
[BlackElo "1419"]
[Opening "QGD: 3...Nf6"]
[ECO "D35"]
[NIC "QO.16"]
[Time "18:36:25"]
[TimeControl "3600+10"]

1. d4 d5 2. c4 e6 3. Nc3 Nf6 4. e3 Nbd7 5. Nf3 Be7 6. Bd3 O-O 7. O-O c6 8.
Bd2 dxc4 9. Bxc4 b6 10. Qc2 b5 11. Bd3 c5 12. Ng5 h6 13. Nh7 Nxh7 14. Bxh7+
Kh8 15. Nxb5 g6 16. Bxg6 fxg6 17. Qxg6 Rf6 18. Qg3 Ba6 19. Nc7 Bxf1 20. Nxa8
Bc4 21. Nc7 Bd6 22. Qxd6 e5 23. Ne6 Rxe6 24. Qxe6 Bxe6 25. dxe5 Qg5 26. g3
Kh7 27. Rd1 Nxe5 28. f4 Nf3+ 29. Kf2 Qg4 30. h3 Qh5 31. Bc3 Nh2 32. Rd6 Qf3+
33. Ke1 Qxe3+ 34. Kd1 Qf3+ 35. Kc2 Bf5+ 36. Kb3 Qb7+ 37. Ka3 c4 38. g4 Qe7
39. Bb4 Qe3+ 40. Ka4 Bc2+ 41. Ka5 Qe8 42. Rd2 Qa4# {White checkmated} 0-1

[Event "ICC tourney 1954 (60 10)"]
[Site "Internet Chess Club"]
[Date "2020.08.07"]
[Round "3"]
[White "eevee11"]
[Black "OldManReid"]
[Result "0-1"]
[ICCResult "White resigns"]
[WhiteElo "699"]
[BlackElo "1143"]
[Opening "Sicilian: Hungarian variation"]
[ECO "B27"]
[NIC "SI.43"]
[Time "18:35:52"]
[TimeControl "3600+10"]

1. e4 c5 2. Nf3 g6 3. d4 Bg7 4. dxc5 Qa5+ 5. Qd2 Qxc5 6. Nc3 Nf6 7. Qe3 Qc7
8. Be2 Nc6 9. O-O O-O 10. Bd2 Ng4 11. Qg5 Bxc3 12. Bxc3 d5 13. exd5 f6 14.
Qd2 Nce5 15. Nxe5 fxe5 16. Bxg4 Bxg4 17. Qg5 Bf5 18. Qe3 Bxc2 19. Bxe5 Qd7
20. Rac1 Bf5 21. Rc7 Qxd5 22. Rxe7 Rf7 23. Rxf7 Qxf7 24. Qh6 Re8 25. Bd4 Rf8
26. Rc1 Bd3 27. Bxa7 Bf5 28. Bd4 Rd8 29. Be5 Qd7 30. h3 Qe7 31. Bc3 Qf8 32.
Qxf8+ Kxf8 33. Kf1 Be6 34. a3 Kf7 35. Ke1 Re8 36. Kd2 b5 37. Ra1 h5 38. b4
Bd5 39. g3 Bc4 40. a4 Re2+ 41. Kc1 Bb3 42. axb5 Rc2+ 43. Kb1 Rxc3 44. b6 Bd5
45. Ra7+ Ke6 46. b7 Rb3+ 47. Kc2 Rxb4 {White resigns} 0-1

[Event "ICC tourney 1954 (60 10)"]
[Site "Internet Chess Club"]
[Date "2020.08.07"]
[Round "3"]
[White "ryan-simshauser"]
[Black "palashg"]
[Result "1-0"]
[ICCResult "Black resigns"]
[WhiteElo "932"]
[BlackElo "1056"]
[Opening "QGD: exchange, positional line"]
[ECO "D35"]
[NIC "QO.16"]
[Time "18:43:21"]
[TimeControl "3600+10"]

1. d4 d5 2. c4 e6 3. Nc3 Nf6 4. cxd5 exd5 5. Bg5 Be7 6. e3 c6 7. Bd3 Be6 8.
Nge2 Nbd7 9. O-O O-O 10. a3 h6 11. Bh4 Nh7 12. Bxe7 Qxe7 13. Re1 Nhf6 14.
Ng3 Ne8 15. e4 dxe4 16. Ngxe4 Ndf6 17. Nc5 Qc7 18. Nxe6 fxe6 19. Rxe6 Ng4
20. Qxg4 Qf7 21. Rf1 Nf6 22. Qf5 Rad8 23. Ne4 Rd5 24. Nxf6+ gxf6 25. Qg4+
Rg5 26. Qe2 Kh8 27. Re7 Qd5 28. Rh7+ Kg8 29. g3 Rf7 30. Rxf7 Kxf7 31. Bc4
{Black resigns}
1-0

[Event "ICC tourney 1954 (60 10)"]
[Site "Internet Chess Club"]
[Date "2020.08.07"]
[Round "3"]
[White "vedanta07"]
[Black "srinandasai12"]
[Result "1-0"]
[ICCResult "Black checkmated"]
[WhiteElo "1349"]
[BlackElo "1093"]
[Opening "Sicilian: closed"]
[ECO "B23"]
[NIC "SI.44"]
[Time "18:36:00"]
[TimeControl "3600+10"]

1. e4 c5 2. Nc3 d6 3. f4 Nf6 4. Bc4 g6 5. Nf3 Bg7 6. O-O O-O 7. d3 a6 8. a4
Bd7 9. Be3 Ng4 10. Bf2 Nc6 11. h3 Nxf2 12. Rxf2 Nd4 13. g4 Bc6 14. f5 Kh8
15. Kh1 Qd7 16. Ng5 e6 17. f6 Bh6 18. Qd2 Kg8 19. h4 e5 20. Rg1 Bxa4 21. h5
b5 22. Bd5 Rab8 23. b3 Nxc2 24. hxg6 hxg6 25. Rh2 Nd4 26. Rxh6 Qd8 27. Rh8+
Kxh8 28. Qh2+ Kg8 29. Qh7# {Black checkmated} 1-0

[Event "ICC tourney 1954 (60 10)"]
[Site "Internet Chess Club"]
[Date "2020.08.07"]
[Round "3"]
[White "Aidenmaps"]
[Black "antonk2012"]
[Result "1-0"]
[ICCResult "Black checkmated"]
[WhiteElo "995"]
[BlackElo "718"]
[Opening "QGD: Marshall defense"]
[ECO "D06"]
[NIC "QP.08"]
[Time "18:36:56"]
[TimeControl "3600+10"]

1. d4 d5 2. c4 Nf6 3. cxd5 Qxd5 4. Nc3 Qa5 5. Bd2 c6 6. e4 Bg4 7. f3 Bh5 8.
h4 h6 9. Qe2 Qd8 10. Be3 e6 11. O-O-O b5 12. a3 a5 13. a4 b4 14. Nb1 Qd7 15.
Nd2 c5 16. dxc5 Qxa4 17. Qb5+ Qxb5 18. Bxb5+ Ke7 19. Bf4 a4 20. Bd6+ Kd8 21.
Nc4 Bxd6 22. Rxd6+ Ke7 23. c6 a3 24. bxa3 bxa3 25. Nh3 a2 26. Kb2 Ne8 27.
Rd4 Nc7 28. Na3 Nxb5 29. Nxb5 Nxc6 30. Rc4 Rhc8 31. Rhc1 Bg6 32. Ka1 Ra6 33.
R1c3 f5 34. Nd4 Be8 35. Nf4 e5 36. Nxc6+ Rcxc6 37. Nd5+ Ke6 38. Nc7+ Rxc7
39. Rxc7 fxe4 40. fxe4 g5 41. hxg5 hxg5 42. Rc2 Bf7 43. R2c6+ Rxc6 44. Rxc6+
Ke7 45. g4 Kd7 46. Rf6 Be6 47. Rg6 Bxg4 48. Rxg5 Be6 49. Rxe5 Bf5 50. exf5
Kd6 51. Re1 Kd5 52. f6 Kc5 53. f7 Kd5 54. f8=Q Kd4 55. Qd8+ Kc3 56. Rc1+ Kb3
57. Qb8+ Ka3 58. Rc2 Ka4 59. Rxa2# {Black checkmated} 1-0

[Event "ICC tourney 1954 (60 10)"]
[Site "Internet Chess Club"]
[Date "2020.08.07"]
[Round "3"]
[White "Maximusiv"]
[Black "Mikanikal"]
[Result "0-1"]
[ICCResult "White resigns"]
[WhiteElo "1043"]
[BlackElo "1370"]
[Opening "Pirc: Holmov system"]
[ECO "B07"]
[NIC "PU.07"]
[Time "18:36:11"]
[TimeControl "3600+10"]

1. e4 d6 2. d4 Nf6 3. Nc3 g6 4. Bc4 Bg7 5. e5 dxe5 6. dxe5 Qxd1+ 7. Nxd1 Ng4
8. f4 Nc6 9. h3 Nh6 10. Nf2 Nd4 11. Bd3 Bf5 12. Ne4 O-O-O 13. Be3 f6 14.
exf6 exf6 15. O-O-O Rhe8 16. Bxd4 Rxd4 17. Nf3 Ra4 18. Nc3 Rxf4 19. Rhe1
Rxe1 20. Rxe1 Kd7 21. Bb5+ c6 22. Rd1+ Kc7 23. Ba4 Be4 24. Re1 f5 25. Ng5
Bxc3 26. Ne6+ Kb6 27. bxc3 Rf2 28. Ng5 Bxg2 29. Nxh7 Rf1 30. Rxf1 Bxf1 31.
h4 Nf7 32. Bb3 Ne5 33. Be6 Nf3 34. h5 gxh5 35. Bxf5 h4 36. Bg4 Bg2 37. Kd1
h3 38. Ke2 h2 39. Bxf3 Bxf3+ {White resigns} 0-1

[Event "ICC tourney 1954 (60 10)"]
[Site "Internet Chess Club"]
[Date "2020.08.07"]
[Round "3"]
[White "ThatGuyZach1234"]
[Black "bryantan2010"]
[Result "1/2-1/2"]
[ICCResult "Game drawn by mutual agreement"]
[WhiteElo "935"]
[BlackElo "1181"]
[Opening "English opening"]
[ECO "A22"]
[NIC "EO.10"]
[Time "18:36:36"]
[TimeControl "3600+10"]

1. c4 e5 2. Nc3 Nf6 3. e3 c5 4. Nge2 d6 5. d4 cxd4 6. exd4 Be7 7. g3 exd4 8.
Nxd4 Nc6 9. Bg2 Bd7 10. O-O O-O 11. b3 Qb6 12. Be3 Nxd4 13. Bxd4 Qc7 14.
Bxf6 Bxf6 15. Nd5 Qd8 16. Nxf6+ Qxf6 17. Bxb7 Bh3 18. Bxa8 Bxf1 19. Qxf1
Rxa8 20. Rd1 Rd8 21. Rd5 Qb2 22. Qd3 Qa3 23. c5 g6 24. Rxd6 Rxd6 25. Qxd6
Qc1+ 26. Kg2 Qe1 27. Qd8+ Kg7 28. Qd4+ Kg8 29. c6 Qa5 30. Qd7 Qb5 31. Qd8+
Kg7 32. c7 Qc6+ 33. Kg1 Qc1+ 34. Kg2 Qc6+ 35. Kh3 Qe6+ 36. g4 Qc6 37. c8=Q
Qf3+ 38. Kh4 Qxf2+ {Game drawn by mutual agreement} 1/2-1/2

[Event "ICC tourney 1954 (60 10)"]
[Site "Internet Chess Club"]
[Date "2020.08.07"]
[Round "3"]
[White "BabyFelix"]
[Black "Cbf577"]
[Result "1-0"]
[ICCResult "Black resigns"]
[WhiteElo "1142"]
[BlackElo "1324"]
[Opening "Sicilian: Labourdonnais-Löwenthal variation"]
[ECO "B32"]
[NIC "SI.32"]
[Time "18:36:07"]
[TimeControl "3600+10"]

1. e4 c5 2. Nf3 Nc6 3. d4 cxd4 4. Nxd4 e5 5. Nxc6 bxc6 6. Nc3 Nf6 7. Bc4 Bb4
8. Bd2 O-O 9. O-O Re8 10. Re1 d5 11. exd5 cxd5 12. Nxd5 Nxd5 13. Bxd5 Qxd5
14. Bxb4 Bb7 15. Qxd5 Bxd5 16. b3 f6 17. Ba5 Rab8 18. Red1 Rb5 19. Bd2 Rb7
20. Ba5 Rb5 21. Be1 Rb7 22. Rxd5 Kf7 23. c4 Ke6 24. Rad1 Rb6 25. c5 Rb5 26.
b4 Rc8 27. a4 Rb7 28. b5 Rbc7 29. c6 a6 30. Rd6+ Ke7 31. Rd7+ Rxd7 32. Rxd7+
Ke6 33. h3 axb5 34. axb5 Rb8 35. Rb7 Rc8 36. c7 Kd7 37. Ba5 Ra8 38. Rb8 Rxa5
39. c8=Q+ Kd6 40. Qd8+ {Black resigns} 1-0